 Dungeon Crawl Stone Soup version 0.25.0-9-g26727b657a (webtiles) character file.

Game seed: 5760541056068100739

46 Peloso the Covered (level 3, 29/29 HPs)
             Began as a Minotaur Fighter on June 20, 2020.
             Got out of the dungeon alive.
             The game lasted 00:01:47 (750 turns).

Peloso the Covered (Minotaur Fighter)                Turns: 750, Time: 00:01:47

Health: 29/29      AC:  7    Str: 20    XL:     3   Next: 44%
Magic:  2/2        EV:  7    Int:  9    God:
Gold:   28         SH:  9    Dex: 10    Spells: 2/2 levels left

rFire    . . .     SeeInvis .   a - +0 long sword
rCold    . . .     Gourm    .   c - +0 kite shield
rNeg     + . .     Faith    .   b - +0 scale mail
rPois    .         Spirit   .   (helmet restricted)
rElec    .         Reflect  .   (no cloak)
rCorr    .         Harm     .   (no gloves)
MR       .....                  (no boots)
Stlth    ..........             (no amulet)
HPRegen  0.09/turn              i - ring of positive energy
MPRegen  0.08/turn              (no ring)

@: brilliant
A: retaliatory headbutt, horns 2, clever 2, deterioration 1, frail 1
a: no special abilities


You escaped.
You were not hungry.

You visited 1 branch of the dungeon, and saw 1 of its levels.

You collected 28 gold pieces.

Inventory:

Hand Weapons
 a - a +0 long sword (weapon)
Missiles
 e - 26 bolts
Armour
 b - a +0 scale mail (worn)
 c - a +0 kite shield (worn)
Jewellery
 i - a ring of positive energy (left hand)
Scrolls
 j - a scroll of amnesia {unknown}
 l - a scroll of identify {unknown}
 m - a scroll of teleportation {unknown}
 n - a scroll of remove curse {unknown}
 o - a scroll of magic mapping {unknown}
Potions
 d - a potion of might
 k - a potion of brilliance
Comestibles
 f - 3 rations
 g - 2 chunks of flesh


   Skills:
 + Level 4.1 Fighting
 + Level 2.8 Long Blades
 + Level 4.3 Armour
 + Level 4.2 Shields


You had 2 spell levels left.
You didn't know any spells.
Your spell library was empty.

Dungeon Overview and Level Annotations

Branches:
Dungeon (1/15)

Altars:


Innate Abilities, Weirdness & Mutations

You reflexively headbutt those who attack you in melee.
You have a pair of horns on your head.
Your mind is very acute. (Int +4)
Your body sometimes deteriorates upon taking damage.
You are frail. (-10% HP)


Message History

a cursed -1 club; a +0 club x2; a hobgoblin skeleton x2
Done exploring.
Done exploring.
Done exploring.
Done exploring.
Done exploring.
i - a ring of positive energy (left hand) It was a potion of brilliance.
You feel clever all of a sudden.
It was a potion of mutation.
You feel extremely strange.
You feel frail.
You feel yourself wasting away.
You feel clever. x2
Okay, then.
(D) Dungeon
Where to? (? - help)
What level of the Dungeon? (default 1, ? - help)
You see here a +0 dagger.
There is an open door here.
There is a staircase leading out of the dungeon here.
Are you sure you want to leave the Dungeon?
This will make you lose the game!
You have escaped!

#.# #.##....###..###### ##.##.
#.# ##.####............####.###
#.# #..###############......##
#.# #####.............#####...##
#.###..........⌠..........###..#
####...⌠.................⌠...##..
###........⌠.........⌠........##.
##...................[.........#.
##...⌠..........@..........⌠...#.
##(............................#.
###........⌠.........⌠........##.
####...⌠.................⌠...##..
.#.###..........⌠..........###).#
.#...##'##.............##'##...##
.###..#..###############......##
..###.............(...........#
#....#...............>.....).##


There were no monsters in sight!

Vanquished Creatures
  An ooze (D:1)
  A dart slug (D:1)
  2 leopard geckos (D:1)
  8 bats (D:1)
  A giant cockroach (D:1)
  5 goblins (D:1)
  3 hobgoblins (D:1)
  4 jackals (D:1)
  5 kobolds (D:1)
  A frilled lizard (D:1)
  4 rats (D:1)
35 creatures vanquished.

Notes
Turn   | Place    | Note
-------+----------+-------------------------------------------
     0 | D:1      | Peloso the Minotaur Fighter began the quest for the Orb.
     0 | D:1      | Reached XP level 1. HP: 19/19 MP: 0/0
   135 | D:1      | Reached XP level 2. HP: 22/27 MP: 1/1
   387 | D:1      | Reached XP level 3. HP: 32/33 MP: 2/2
   699 | D:1      | Gained mutation: You are frail. (-10% HP) [potion of
                  | mutation]
   699 | D:1      | Gained mutation: Your body sometimes deteriorates upon
                  | taking damage. [potion of mutation]
   699 | D:1      | Gained mutation: Your mind is acute. (Int +2) [potion of
                  | mutation]
   699 | D:1      | Gained mutation: Your mind is very acute. (Int +4) [potion
                  | of mutation]
   750 | D:$      | Got out of the dungeon alive.

Illustrated notes

Levels and vault maps discovered:
D:1:      dpeg_arrival_water_temple_mockup, layout_rooms

Skill      XL: |  1  2 |
---------------+-------+-----
Armour         | 4 |  4.3
Fighting       | 4 |  4.1
Shields        | 4 |  4.2
Long Blades    | |  2.8

Action                   || total
-------------------------++-------
Melee: Long sword        ||    77
       Headbutt          ||    10
  Use: Potion            ||     2
Armor: Scale mail        ||    43
Dodge: Dodged            ||    34
Block: Kite shield       ||    59
       Rpst.: Long sword ||    10
